[Event "Titled Tuesday Blitz March 28 Late 2023"]
[White "Pires, Marcos Vinicius Torsani"]
[Black "Koksal, Ege"]
[WhiteFideId "2118939"]
[BlackFideId "6317626"]
[WhiteElo "2273"]
[BlackElo "2226"]
[Result "0-1"]
[Round "08"]
[TimeControl "180+2"]
[Date "2023.03.28"]
[WhiteClock "0:00:04"]
[BlackClock "0:02:08"]

1. d4 d5 2. Bf4 c6 3. e3 Nf6 4. Nf3 Bg4 5. Be2 e6 6. h3 Bh5 7. c4 Nbd7 8. Nc3 Be7 9. Qb3 Qb6 10. c5 Qxb3 11. axb3 Bxf3 12. Bxf3 a6 13. b4 Rc8 14. O-O O-O 15. Ne2 Rfe8 16. Nc1 Bd8 17. Nb3 Bc7 18. Bxc7 Rxc7 19. Na5 e5 20. dxe5 Nxe5 21. Rfd1 Kf8 22. Rd4 g6 23. Rad1 h5 24. Be2 Ne4 25. Bf3 Nxf3+ 26. gxf3 Ng5 27. Kg2 Ne6 28. R4d2 f5 29. f4 h4 30. Kf3 Kf7 31. Rg1 Kf6 32. Rdd1 g5 33. fxg5+ Nxg5+ 34. Ke2 Nxh3 35. Rh1 Nf4+ 36. Kf3 Ng6 37. Rdg1 Re4 38. Rg2 Rxb4 39. b3 Rb5 40. Ra1 Rxc5 41. b4 Rc2 42. Rgg1 Ne5+ 43. Kg2 Ng4 44. Kh3 Nxf2+ 45. Kxh4 Rh7+ 46. Kg3 Ne4+ 47. Kf4 Rf2# 0-1


[Site "https://www.chess.com"]

[Event "Titled Tuesday Blitz March 28 Late 2023"]
[White "koncheto"]
[Black "Feng, Eric"]
[BlackFideId "30952590"]
[WhiteElo "2479"]
[BlackElo "1785"]
[Result "0-1"]
[Round "08"]
[TimeControl "180+2"]
[Date "2023.03.28"]
[WhiteClock "0:02:11"]
[BlackClock "0:01:59"]

1. e4 c6 2. d4 d5 3. Nc3 dxe4 4. Nxe4 Bf5 5. Ng3 Bg6 6. Nf3 Nd7 7. h4 h6 8. h5 Bh7 9. Bd3 Bxd3 10. Qxd3 e6 11. Bd2 Ngf6 12. O-O-O a5 13. c4 Bb4 14. Bf4 b5 15. Ne4 Nxe4 16. Qxe4 bxc4 17. Qxc6 Rc8 18. Qe4 c3 19. a3 cxb2+ 20. Kxb2 Bc3+ 21. Ka2 Nf6 22. Qb7 O-O 23. g4 Nd5 24. Be5 Nc7 25. g5 Rb8 26. Qxc7 Qd5+ 0-1


[Site "https://www.chess.com"]

[Event "Titled Tuesday Blitz March 28 Late 2023"]
[White "Rytenko, Vsevolod"]
[Black "Khandelwal, Ankush"]
[WhiteFideId "14133040"]
[BlackFideId "413470"]
[WhiteElo "2262"]
[BlackElo "2263"]
[Result "1-0"]
[Round "08"]
[TimeControl "180+2"]
[Date "2023.03.28"]
[WhiteClock "0:00:22"]
[BlackClock "0:00:04"]

1. d4 Nf6 2. Nf3 g6 3. c4 Bg7 4. Nc3 O-O 5. e4 d6 6. Be2 Nbd7 7. Be3 e5 8. d5 Ng4 9. Bg5 f6 10. Bd2 Nh6 11. O-O a5 12. Ne1 f5 13. Qc1 f4 14. f3 g5 15. Nd3 b6 16. a3 Ba6 17. Nb5 a4 18. Bd1 Bxb5 19. cxb5 Nc5 20. Nxc5 bxc5 21. b3 axb3 22. a4 g4 23. fxg4 Qh4 24. h3 Nf7 25. Be1 Qh6 26. h4 Qg6 27. Qb1 h5 28. g5 c4 29. Be2 Nxg5 30. hxg5 Qxg5 31. Rf3 Rf6 32. Bxc4 Rg6 33. Qb2 Kh7 34. Bxb3 Rg8 35. Ra2 Bh6 36. a5 Qg4 37. Qf2 Qd7 38. Bc4 h4 39. Kf1 h3 40. Rxh3 Rg3 41. Ra3 Rxa3 42. Rxa3 Qg4 43. Be2 Qg6 44. Bf3 Kh8 45. a6 1-0


[Site "https://www.chess.com"]

[Event "Titled Tuesday Blitz March 28 Late 2023"]
[White "Fiorito, Francisco"]
[Black "Dudzinski, Pawel"]
[WhiteFideId "180165"]
[BlackFideId "1117890"]
[WhiteElo "2341"]
[BlackElo "2099"]
[Result "0-1"]
[Round "08"]
[TimeControl "180+2"]
[Date "2023.03.28"]
[WhiteClock "0:00:12"]
[BlackClock "0:00:12"]

1. d4 d5 2. Nc3 c6 3. Bf4 g6 4. e3 Bg7 5. Be2 Nh6 6. Nf3 f6 7. h4 Nf7 8. e4 e5 9. Be3 dxe4 10. Nxe4 f5 11. Neg5 Nxg5 12. Bxg5 Qa5+ 13. c3 h6 14. Bc1 Nd7 15. dxe5 Nxe5 16. Nd4 O-O 17. Bf4 Kh7 18. O-O Qd8 19. g3 g5 20. hxg5 hxg5 21. Bxe5 Bxe5 22. Nf3 Qxd1 23. Raxd1 Bf6 24. Bd3 Kg7 25. Rfe1 Rd8 26. Bc4 Rxd1 27. Rxd1 f4 28. gxf4 gxf4 29. Nd4 Bg4 30. Ne6+ Bxe6 31. Bxe6 Rd8 32. Re1 Rd2 33. Re4 Bg5 34. Rb4 b6 35. Bg4 c5 36. Rb5 Bh4 37. f3 Kf6 38. a4 Bf2+ 39. Kf1 Be3 40. b4 cxb4 41. cxb4 Rf2+ 42. Ke1 Rb2 43. Rf5+ Kg6 44. b5 Ra2 45. Rd5 Rxa4 46. Rd6+ Kg5 47. Rd5+ Kh4 48. Kd1 Ra2 49. Be6 Kg3 50. Bg4 Kf2 51. Rd7 Rb2 52. Rd5 Bc5 53. Kc1 Rxb5 54. Rd2+ Kg3 55. Kc2 Be3 56. Rd1 Rc5+ 57. Kb3 Rc1 58. Rd7 a5 59. Rg7 Re1 60. Bh5+ Kf2 61. Rg5 Rh1 62. Bg4 Rg1 63. Ka4 Rg3 64. Kb3 Rxf3 65. Bxf3 Kxf3 66. Kc2 Ke2 67. Rg2+ Bf2 68. Kc3 f3 69. Rh2 Kf1 70. Kd3 Kg1 71. Rh8 Bc5 72. Rg8+ Kf2 73. Ke4 a4 74. Rg4 Ke2 75. Rh4 f2 76. Rh2 Ke1 77. Rh1+ f1=Q 78. Rxf1+ Kxf1 79. Kd3 a3 80. Kc2 Kf2 81. Kb3 Kf3 82. Ka2 Ke4 83. Kb3 Kd5 84. Ka2 Kc4 85. Kb1 Kb4 86. Ka1 Kb3 87. Kb1 a2+ 88. Kc1 a1=Q+ 89. Kd2 Qe5 90. Kd3 Qe3# 0-1


[Site "https://www.chess.com"]

[Event "Titled Tuesday Blitz March 28 Late 2023"]
[White "Freitag, Manfred"]
[Black "Foerster-Yialamas, Lucas"]
[WhiteFideId "1602004"]
[BlackFideId "30901774"]
[WhiteElo "2275"]
[BlackElo "2067"]
[Result "1/2-1/2"]
[Round "08"]
[TimeControl "180+2"]
[Date "2023.03.28"]
[WhiteClock "0:01:20"]
[BlackClock "0:00:04"]

1. e4 c5 2. Nf3 Nc6 3. d4 cxd4 4. Nxd4 g6 5. c4 Bg7 6. Be3 Nf6 7. Nc3 d6 8. Be2 O-O 9. O-O a5 10. b3 Nxd4 11. Bxd4 b6 12. Rc1 Bb7 13. f3 Nd7 14. Be3 Nc5 15. Qd2 f5 16. exf5 gxf5 17. Rfd1 Qd7 18. Bf1 Kh8 19. Rb1 Rg8 20. Kh1 Raf8 21. a3 Be5 22. b4 axb4 23. axb4 Na4 24. Nxa4 Qxa4 25. Bxb6 Qa8 26. Bd4 Rg6 27. Bxe5+ dxe5 28. Qe3 e4 29. f4 e5 30. b5 exf4 31. Qxf4 e3 32. Rb2 Rfg8 33. Qd4+ R8g7 34. Qd8+ Qxd8 35. Rxd8+ Rg8 36. Rxg8+ Kxg8 37. Kg1 f4 38. c5 f3 39. c6 e2 40. Bxe2 fxe2 41. Rxe2 Bxc6 42. bxc6 Rxc6 43. h3 Kg7 44. Kf2 Kg6 45. Kg3 Rf6 46. Re4 Kg7 47. Kh4 Rh6+ 48. Kg4 Rg6+ 49. Kf3 Rf6+ 50. Rf4 Ra6 51. h4 h5 52. Rf5 Kg6 53. Rg5+ Kh6 54. Re5 Ra3+ 55. Kf4 Ra4+ 56. Re4 Ra6 57. Kf5 Ra2 58. Re6+ Kh7 59. g3 Rg2 60. Kf4 Rf2+ 61. Kg5 Rf3 62. Re7+ Kg8 63. g4 hxg4 64. Kg6 Rf8 65. Rg7+ Kh8 66. Rh7+ Kg8 67. Rh5 Ra8 68. Rg5 Ra6+ 69. Kf5+ Kh8 70. Kxg4 Ra8 71. Kh5 Rg8 72. Kh6 Ra8 73. Rg6 Rg8 74. h5 Ra8 75. Rd6 Rb8 76. Kg6 Rc8 77. h6 Rb8 78. Rd7 Ra8 79. Rh7+ Kg8 80. Rg7+ Kh8 81. Rf7 Kg8 82. h7+ Kh8 83. Rf6 Rb8 84. Kh6 Rb6 85. Rg6 Rxg6+ 86. Kxg6 1/2-1/2


[Site "https://www.chess.com"]

[Event "Titled Tuesday Blitz March 28 Late 2023"]
[White "Gatterer, Florian"]
[Black "Sokac, Marko"]
[WhiteFideId "811688"]
[BlackFideId "14531356"]
[WhiteElo "2221"]
[BlackElo "2355"]
[Result "0-1"]
[Round "08"]
[TimeControl "180+2"]
[Date "2023.03.28"]
[WhiteClock "0:01:59"]
[BlackClock "0:02:36"]

1. b3 e5 2. Bb2 Nc6 3. e3 Nge7 4. Nf3 e4 5. Nd4 Nxd4 6. Bxd4 Nf5 7. Bb2 Qg5 8. d3 d5 9. dxe4 dxe4 10. Qd5 Qe7 11. Nd2 Nd6 12. Nc4 f5 13. Nxd6+ Qxd6 14. Qxd6 Bxd6 15. Bxg7 Rg8 16. Bc3 Be6 17. g3 O-O-O 18. O-O-O Ba3+ 0-1


[Site "https://www.chess.com"]

[Event "Titled Tuesday Blitz March 28 Late 2023"]
[White "Poliakova, Varvara"]
[Black "Kielinkei"]
[WhiteFideId "13518313"]
[WhiteElo "2075"]
[BlackElo "2411"]
[Result "1/2-1/2"]
[Round "08"]
[TimeControl "180+2"]
[Date "2023.03.28"]
[WhiteClock "0:01:38"]
[BlackClock "0:00:20"]

1. e4 c5 2. Nf3 e6 3. d4 cxd4 4. Nxd4 Nc6 5. Nc3 Qc7 6. Qd3 Nf6 7. Nxc6 bxc6 8. Qg3 Qxg3 9. hxg3 d5 10. Bd3 Bc5 11. f3 a5 12. g4 Ba6 13. Bf4 Bxd3 14. cxd3 Nd7 15. O-O-O f6 16. d4 Ba7 17. e5 Kf7 18. exf6 gxf6 19. g5 e5 20. dxe5 fxe5 21. Bd2 Nc5 22. Rh6 Ne6 23. Rdh1 Rhg8 24. Rf6+ Ke7 25. Rxh7+ Kd6 26. Rhh6 Rae8 27. f4 exf4 28. Bxf4+ Kd7 29. g3 Bd4 30. Rf7+ Re7 31. Rxe7+ Kxe7 32. Ne2 Bg7 33. Rh7 Nf8 34. Rh1 Ng6 35. Kc2 c5 36. Nc3 d4 37. Nd5+ Ke6 38. Nc7+ Kf5 39. Bd2 Be5 40. Rf1+ Kg4 41. Nd5 Kxg3 42. Nf6 Rf8 43. Ne4+ Kg4 44. Rxf8 Nxf8 45. Nxc5 Kf5 46. Kd3 Nh7 47. a4 Nxg5 48. Bxg5 Kxg5 49. Nb3 Kf5 50. Nxd4+ Kf6 51. Nc6 Bxb2 52. Kc4 Ke6 53. Nxa5 Kd6 54. Kb5 Kc7 55. Nc6 Bc3 56. a5 Bxa5 1/2-1/2


[Site "https://www.chess.com"]

[Event "Titled Tuesday Blitz March 28 Late 2023"]
[White "Romanchuk, Viktor"]
[Black "ArtemDyachuk"]
[WhiteFideId "14109271"]
[WhiteElo "2242"]
[BlackElo "2401"]
[Result "0-1"]
[Round "08"]
[TimeControl "180+2"]
[Date "2023.03.28"]
[WhiteClock "0:01:27"]
[BlackClock "0:01:43"]

1. d4 Nf6 2. c4 c5 3. Nf3 g6 4. Nc3 Bg7 5. g3 O-O 6. Bg2 cxd4 7. Nxd4 Qc7 8. b3 d5 9. Ncb5 Qa5+ 10. Bd2 Qd8 11. O-O dxc4 12. bxc4 a6 13. Bb4 axb5 14. Nxb5 Nc6 0-1


[Site "https://www.chess.com"]

[Event "Titled Tuesday Blitz March 28 Late 2023"]
[White "Abduzhaparov"]
[Black "Lenaerts, Lennert"]
[BlackFideId "211435"]
[WhiteElo "2401"]
[BlackElo "2334"]
[Result "0-1"]
[Round "08"]
[TimeControl "180+2"]
[Date "2023.03.28"]
[WhiteClock "0:00:02"]
[BlackClock "0:01:38"]

1. Nf3 d5 2. c4 c6 3. d4 Nf6 4. e3 Bg4 5. Nc3 e6 6. Qb3 Qb6 7. Nh4 Be7 8. h3 Bh5 9. g4 Bg6 10. Nxg6 hxg6 11. Bg2 Qb4 12. c5 Qxb3 13. axb3 Na6 14. Ra4 Nc7 15. b4 a6 16. e4 Nxe4 17. Bf4 Nb5 18. Nxb5 cxb5 19. Ra1 Rc8 20. Ke2 Nf6 21. Rhc1 Rc6 22. Be5 Kf8 23. Bxf6 Bxf6 24. Kd3 g5 25. Rc2 g6 26. Re1 Kg7 27. Ree2 Rh4 28. Re1 Bd8 29. Ree2 f5 30. f3 Bf6 31. Re1 Kf7 32. Bf1 Ke7 33. Rce2 Kd7 34. Bg2 Bd8 35. Kc3 Bf6 36. Kd3 Rh8 37. Bf1 Re8 38. Bg2 Re7 39. Bf1 Rc8 40. Bg2 Rce8 41. b3 Ra8 42. Bf1 Ree8 43. Bg2 a5 44. Ra2 axb4 45. Rea1 Rxa2 46. Rxa2 e5 47. Ra7 Kc7 48. dxe5 Rxe5 49. Ra8 f4 50. Rf8 Re3+ 51. Kc2 Rc3+ 52. Kd2 Bd4 53. Rf7+ Kc6 54. Bf1 Be3+ 55. Ke2 Rxb3 56. Rg7 d4 57. Rxg6+ Kxc5 58. Ke1 d3 59. Rxg5+ Kd4 60. Bxd3 Kxd3 61. Rd5+ Bd4 62. Kf1 Rb1+ 63. Kg2 Kc4 64. Rd8 b3 65. h4 b2 66. h5 Rg1+ 67. Kh2 b1=Q 68. Rxd4+ Kxd4 69. h6 Rh1+ 0-1


[Site "https://www.chess.com"]

[Event "Titled Tuesday Blitz March 28 Late 2023"]
[White "Cori T., Deysi"]
[Black "Itkis, Boris"]
[WhiteFideId "3801934"]
[BlackFideId "1209167"]
[WhiteElo "2292"]
[BlackElo "2216"]
[Result "0-1"]
[Round "08"]
[TimeControl "180+2"]
[Date "2023.03.28"]
[WhiteClock "0:00:13"]
[BlackClock "0:00:09"]

1. Nf3 d5 2. g3 Nd7 3. d4 Ngf6 4. Bg2 Nb6 5. O-O Bf5 6. Ne5 e6 7. c4 c6 8. cxd5 cxd5 9. a4 Bd6 10. a5 Nbd7 11. Qa4 O-O 12. Nxd7 Qxd7 13. Qxd7 Nxd7 14. Nc3 Rfc8 15. Bd2 Rc4 16. e3 a6 17. Rfc1 Rac8 18. Bf1 R4c7 19. f3 Bg6 20. Kf2 Nb8 21. e4 dxe4 22. fxe4 Nc6 23. Be3 Bb4 24. d5 Nxa5 25. Bb6 Bc5+ 26. Bxc5 Rxc5 27. Rd1 exd5 28. Nxd5 Kf8 29. Ra4 Nc4 30. Bxc4 Rxc4 31. Nb6 Rxa4 32. Nxc8 Ke8 33. Nd6+ Ke7 34. Nxb7 Rb4 35. Nc5 Rxb2+ 36. Ke3 Rxh2 37. Rd7+ Kf6 38. Nd3 Ra2 39. Kf4 Ra4 40. Nf2 a5 41. Ra7 h6 42. Ra6+ Ke7 43. Ke5 Ra3 44. Ra7+ Kf8 45. Kd6 Kg8 46. Ng4 Rxg3 47. Ne5 Bxe4 48. Nxf7 h5 49. Ke7 Kh7 50. Ne5 h4 51. Rxa5 h3 52. Ra2 Rg2 53. Ra1 h2 54. Nf7 Rg3 0-1


[Site "https://www.chess.com"]

[Event "Titled Tuesday Blitz March 28 Late 2023"]
[White "Jocev, Milan"]
[Black "Napoli, Nicolo"]
[WhiteFideId "900680"]
[BlackFideId "813702"]
[WhiteElo "2323"]
[BlackElo "2308"]
[Result "1-0"]
[Round "08"]
[TimeControl "180+2"]
[Date "2023.03.28"]
[WhiteClock "0:00:17"]
[BlackClock "0:00:14"]

1. c4 e5 2. Nc3 Nf6 3. g3 Bb4 4. Bg2 O-O 5. d3 c6 6. a3 Be7 7. Nf3 d6 8. O-O Bf5 9. e4 Bg4 10. h3 Bh5 11. b4 a5 12. Be3 Nbd7 13. Qb3 Qc7 14. Rfb1 axb4 15. axb4 Rfb8 16. b5 Nf8 17. b6 Qd7 18. Ra7 Bxf3 19. Bxf3 Qxh3 20. Qa4 Qc8 21. Ra1 Rxa7 22. bxa7 Ra8 23. Qa5 h5 24. Na4 N8d7 25. Nb6 Nxb6 26. Qxb6 Bd8 27. Qb4 Bc7 28. c5 d5 29. exd5 Nxd5 30. Bxd5 cxd5 31. Qb5 h4 32. c6 bxc6 33. Qxc6 hxg3 34. fxg3 d4 35. Bf2 Qd8 36. Qb7 g6 37. Rc1 Bb6 38. Ra1 Kg7 39. Ra6 Bc7 40. Rc6 Ba5 41. Rd6 Qc7 42. Qxa8 Qxd6 43. Qg2 e4 44. Qxe4 1-0


[Site "https://www.chess.com"]

[Event "Titled Tuesday Blitz March 28 Late 2023"]
[White "Escalona Landi, Samid Eduardo"]
[Black "Smith, Garrett L"]
[WhiteFideId "3937437"]
[BlackFideId "2024829"]
[WhiteElo "2207"]
[BlackElo "2336"]
[Result "1-0"]
[Round "08"]
[TimeControl "180+2"]
[Date "2023.03.28"]
[WhiteClock "0:00:04"]
[BlackClock "0:00:09"]

1. Nf3 c5 2. e4 Nc6 3. Bb5 e6 4. Bxc6 bxc6 5. d3 Ne7 6. h4 d6 7. h5 e5 8. h6 gxh6 9. Bxh6 Bxh6 10. Rxh6 Ng6 11. Nbd2 Qf6 12. Qe2 Bg4 13. Qe3 Rb8 14. O-O-O Qe6 15. b3 a5 16. a4 Qf6 17. g3 Qg7 18. Rdh1 Be6 19. Ng5 Kd7 20. Rxh7 Qf6 21. Rxh8 Rxh8 22. Rxh8 Qxh8 23. f4 Qh1+ 24. Kb2 Bg4 25. Nxf7 Qh5 26. Ng5 Bd1 27. Nc4 exf4 28. gxf4 Qg4 29. f5 Nh4 30. Qd2 Ng2 31. Nb6+ Kc7 32. Nc4 Kd7 33. Nb6+ Kc7 34. Qxa5 Qe2 35. Qa7+ Kd8 36. Ne6+ Ke8 37. Qd7# 1-0


[Site "https://www.chess.com"]

[Event "Titled Tuesday Blitz March 28 Late 2023"]
[White "Melikhov, Evgeny V."]
[Black "Darini, Pouria"]
[WhiteFideId "4122046"]
[BlackFideId "12502200"]
[WhiteElo "2158"]
[BlackElo "2482"]
[Result "1/2-1/2"]
[Round "08"]
[TimeControl "180+2"]
[Date "2023.03.28"]
[WhiteClock "0:02:47"]
[BlackClock "0:02:07"]

1. d4 Nf6 2. c4 e6 3. Nc3 Bb4 4. Qc2 d5 5. cxd5 exd5 6. Bg5 h6 7. Bxf6 Qxf6 8. a3 Bxc3+ 9. Qxc3 c6 10. e3 Bf5 11. Nf3 Nd7 12. Be2 a5 13. O-O O-O 14. b4 axb4 15. axb4 Bg4 16. Rxa8 Rxa8 17. Ra1 Rxa1+ 18. Qxa1 Qd8 1/2-1/2


[Site "https://www.chess.com"]

[Event "Titled Tuesday Blitz March 28 Late 2023"]
[White "Rios Escobar, Adan"]
[Black "Spata, German"]
[WhiteFideId "3403645"]
[BlackFideId "113026"]
[WhiteElo "2413"]
[BlackElo "2238"]
[Result "0-1"]
[Round "08"]
[TimeControl "180+2"]
[Date "2023.03.28"]
[WhiteClock "0:00:02"]
[BlackClock "0:00:14"]

1. d4 d5 2. g3 e6 3. Bg2 Nf6 4. Nf3 Be7 5. O-O O-O 6. c4 c6 7. Qc2 b6 8. Rd1 Bb7 9. Nbd2 Na6 10. a3 Rc8 11. b4 c5 12. b5 Nc7 13. dxc5 Bxc5 14. Nb3 Nxb5 15. Nxc5 Rxc5 16. a4 Nd6 17. Ne5 Nd7 18. Ba3 Nxe5 19. Bxc5 bxc5 20. Qb2 Nexc4 21. Qc1 f5 22. Rb1 Bc6 23. a5 Qxa5 24. Ra1 Qb6 25. Qg5 Qc7 26. Rdb1 a5 27. h4 a4 28. h5 h6 29. Qf4 a3 30. Ra2 Rb8 31. Rba1 Rb2 32. g4 Rxa2 33. Rxa2 Qb7 34. Rxa3 Nxa3 35. Qxd6 Qd7 36. Qxc5 Nc4 37. gxf5 exf5 38. Bf3 Ne5 39. Bg2 Ng4 40. Bf3 Nf6 41. e3 Ne4 42. Qb4 Qe8 43. Qb6 Kh7 44. Qc7 Nf6 45. Qe5 Qxe5 46. Kg2 Ne4 47. Kg1 Qf6 48. Kf1 Qg5 49. Ke2 f4 50. exf4 Qxf4 51. Bg2 Bb5+ 52. Kd1 Qd2# 0-1


[Site "https://www.chess.com"]

[Event "Titled Tuesday Blitz March 28 Late 2023"]
[White "Fiorito, Joaquin"]
[Black "marik_spb"]
[WhiteFideId "180173"]
[WhiteElo "2157"]
[BlackElo "2410"]
[Result "0-1"]
[Round "08"]
[TimeControl "180+2"]
[Date "2023.03.28"]
[WhiteClock "0:01:31"]
[BlackClock "0:00:39"]

1. d4 Nf6 2. c4 e6 3. Nc3 Bb4 4. f3 d5 5. a3 Bxc3+ 6. bxc3 c5 7. cxd5 O-O 8. e3 Nxd5 9. Bd2 cxd4 10. cxd4 Nc6 11. Bd3 f5 12. Ne2 e5 13. e4 fxe4 14. fxe4 Nxd4 15. Nxd4 exd4 16. Bc4 Qh4+ 0-1


[Site "https://www.chess.com"]

[Event "Titled Tuesday Blitz March 28 Late 2023"]
[White "Nikolova, Adriana"]
[Black "Di Berardino, Diego Rafael"]
[WhiteFideId "2908689"]
[BlackFideId "2105446"]
[WhiteElo "2213"]
[BlackElo "2432"]
[Result "0-1"]
[Round "08"]
[TimeControl "180+2"]
[Date "2023.03.28"]
[WhiteClock "0:00:04"]
[BlackClock "0:00:36"]

1. d4 Nf6 2. Bf4 c5 3. e3 Nd5 4. Bg3 Qb6 5. Nc3 Nxc3 6. bxc3 Qa5 7. Qd2 d6 8. Nf3 g6 9. Be2 Bg7 10. h4 h6 11. e4 Nc6 12. Rd1 Bg4 13. Ng1 Bxe2 14. Nxe2 cxd4 15. cxd4 Qxa2 16. O-O O-O 17. h5 g5 18. f4 g4 19. f5 Qc4 20. c3 a5 21. Rf4 a4 22. Rxg4 Kh7 23. Bf4 Rg8 24. Ng3 Bxd4+ 25. cxd4 Rxg4 26. Nf1 Qxd4+ 27. Qxd4 Nxd4 28. g3 Ne2+ 29. Kf2 Nxf4 30. Kf3 Nh3 31. Rd2 Rgg8 32. Rb2 a3 33. Ra2 Ng5+ 34. Kf4 Rgc8 35. Ne3 e6 36. f6 Rc3 37. g4 Rb3 38. e5 Ra4+ 39. Kg3 Rxe3+ 40. Kf2 Rxe5 41. Kg1 Rb5 42. Kf1 Rb1+ 43. Ke2 Rb2+ 44. Rxb2 axb2 45. Kd2 b1=Q 46. Kc3 Qb4+ 0-1


[Site "https://www.chess.com"]

[Event "Titled Tuesday Blitz March 28 Late 2023"]
[White "Buchenau, Frank"]
[Black "MKlose11"]
[WhiteFideId "4604350"]
[WhiteElo "2157"]
[BlackElo "2534"]
[Result "0-1"]
[Round "08"]
[TimeControl "180+2"]
[Date "2023.03.28"]
[WhiteClock "0:00:10"]
[BlackClock "0:01:31"]

1. e4 Nf6 2. e5 Nd5 3. d4 d6 4. Nf3 dxe5 5. Nxe5 e6 6. c4 Nf6 7. Nc3 Nbd7 8. Nf3 Be7 9. Be2 b6 10. O-O Bb7 11. Bf4 O-O 12. Re1 a6 13. Qc2 c5 14. Rad1 Qc8 15. d5 exd5 16. cxd5 Re8 17. a4 Nh5 18. Bg5 h6 19. d6 Bf6 20. Bxf6 Nhxf6 21. Nd2 Ne5 22. Nde4 Nxe4 23. Nxe4 Qc6 24. Bf1 Rad8 25. a5 Nd7 26. axb6 Rxe4 27. Rxe4 Qxe4 28. Qxe4 Bxe4 29. Bxa6 Nxb6 30. f3 Bd5 31. Rc1 c4 32. Rd1 Rxd6 33. Kf2 Kf8 0-1


[Site "https://www.chess.com"]

[Event "Titled Tuesday Blitz March 28 Late 2023"]
[White "sissahungrychess"]
[Black "cryptoguru02"]
[WhiteElo "2391"]
[BlackElo "2523"]
[Result "0-1"]
[Round "08"]
[TimeControl "180+2"]
[Date "2023.03.28"]
[WhiteClock "0:00:01"]
[BlackClock "0:00:39"]

1. c4 g6 2. g3 Bg7 3. Bg2 Nf6 4. Nc3 O-O 5. Nf3 e6 6. O-O d5 7. cxd5 exd5 8. d4 c6 9. Bf4 Bf5 10. h3 Nbd7 11. g4 Be6 12. Ng5 Re8 13. e3 Nf8 14. Nxe6 Nxe6 15. Be5 Nd7 16. Bg3 Qb6 17. Qb3 Qxb3 18. axb3 a6 19. b4 Bf8 20. Na2 Ng5 21. Rfc1 Ne4 22. Bxe4 dxe4 23. Kf1 Nb6 24. Ke2 Nd5 25. Rc4 a5 26. Nc3 Nxb4 27. Nd1 Nd5 28. Rc2 Bb4 29. b3 f5 30. gxf5 gxf5 31. Nb2 Bc3 32. Be5 Kf7 33. Rg1 Bxb2 34. Rxb2 Rg8 35. Rg3 h5 36. Rb1 h4 37. Rxg8 Rxg8 38. Ra1 b6 39. Kf1 Ke6 40. Ra2 Rc8 41. Ra1 c5 42. Ke2 c4 43. bxc4 Rxc4 44. Rg1 Rc2+ 45. Kd1 Rxf2 46. Rg6+ Ke7 47. Rg7+ Kf8 48. Rh7 Nxe3+ 49. Kc1 Nc4 50. Rxh4 e3 51. Bg3 Rf3 0-1


[Site "https://www.chess.com"]

[Event "Titled Tuesday Blitz March 28 Late 2023"]
[White "ArturoCaceres"]
[Black "Remolar Gallen, Jose"]
[BlackFideId "2215187"]
[WhiteElo "2388"]
[BlackElo "2223"]
[Result "1/2-1/2"]
[Round "08"]
[TimeControl "180+2"]
[Date "2023.03.28"]
[WhiteClock "0:00:03"]
[BlackClock "0:00:02"]

1. e4 e5 2. Nf3 Nc6 3. Bb5 a6 4. Ba4 Nf6 5. O-O Bc5 6. Re1 O-O 7. c3 d6 8. d4 exd4 9. cxd4 Ba7 10. a3 Bg4 11. Bxc6 bxc6 12. Nc3 Re8 13. h3 Bxf3 14. gxf3 Nh5 15. f4 g6 16. Be3 Qh4 17. Qg4 Qxg4+ 18. hxg4 Nf6 19. f3 a5 20. Kg2 Rab8 21. Na4 Nd7 22. Rac1 Nb6 23. b3 Nxa4 24. bxa4 Rb2+ 25. Kg3 Rb3 26. Rxc6 Bb6 27. Bf2 Rxa3 28. d5 Bxf2+ 29. Kxf2 Rb8 30. Kg2 Rb2+ 31. Kg3 Rbb3 32. Rf1 Rxa4 33. e5 dxe5 34. fxe5 Rd4 35. e6 fxe6 36. dxe6 Rd6 37. Rxc7 Rxe6 38. Rd1 Rf6 39. Rd8+ Rf8 40. Rxf8+ Kxf8 41. Rxh7 a4 42. Ra7 a3 43. Kg2 Rb2+ 44. Kg3 a2 45. Kf4 Rf2 46. Kg3 Rd2 47. f4 Rd3+ 48. Kh4 Rf3 49. Kg5 Rf2 50. Ra6 Kf7 51. Rf6+ Ke7 52. Ra6 Kf7 53. Ra7+ Ke6 54. Ra6+ Kf7 1/2-1/2


[Site "https://www.chess.com"]

[Event "Titled Tuesday Blitz March 28 Late 2023"]
[White "Ansh M Shah"]
[Black "Graif, William"]
[WhiteFideId "25033379"]
[BlackFideId "2609835"]
[WhiteElo "2084"]
[BlackElo "2205"]
[Result "0-1"]
[Round "08"]
[TimeControl "180+2"]
[Date "2023.03.28"]
[WhiteClock "0:00:03"]
[BlackClock "0:00:10"]

1. d4 Nf6 2. c4 e5 3. dxe5 Ng4 4. Nf3 Nc6 5. e3 d6 6. exd6 Bxd6 7. Be2 Be6 8. h3 Nge5 9. Nbd2 Qf6 10. Ne4 Bb4+ 11. Bd2 Qg6 12. Bxb4 Qxg2 13. Ng3 Rd8 14. Bd2 Bxc4 15. Nh4 Qd5 16. Bc3 Qe6 17. Qc2 Bxe2 18. Qxe2 Nd3+ 19. Kf1 O-O 20. Nhf5 Nce5 21. Nd4 Qd5 22. Rg1 c5 23. Ndf5 Nf3 24. Nh6+ Kh8 25. Bxg7+ Kxg7 26. Ne4+ Nxg1 27. Qg4+ Kh8 0-1


[Site "https://www.chess.com"]

[Event "Titled Tuesday Blitz March 28 Late 2023"]
[White "Yurasova, Daria"]
[Black "Guzman Moneo, Alberto"]
[WhiteFideId "34146919"]
[BlackFideId "2209616"]
[WhiteElo "2134"]
[BlackElo "2157"]
[Result "0-1"]
[Round "08"]
[TimeControl "180+2"]
[Date "2023.03.28"]
[WhiteClock "0:00:01"]
[BlackClock "0:00:06"]

1. e4 c5 2. Nf3 Nc6 3. d4 cxd4 4. Nxd4 g6 5. Nxc6 bxc6 6. Qd4 Nf6 7. e5 Nd5 8. Bc4 Bg7 9. Bxd5 Qa5+ 10. Nc3 cxd5 11. Bd2 Bb7 12. O-O O-O 13. b4 Qb6 14. Be3 Qxd4 15. Bxd4 Rfc8 16. Na4 Rxc2 17. Nc5 Bc6 18. Rfc1 Rc4 19. Rxc4 dxc4 20. f4 d6 21. Na6 Rc8 22. a4 Bb7 23. b5 Bxa6 24. bxa6 dxe5 25. fxe5 Rc6 26. Bxa7 Bxe5 27. Re1 f6 28. Be3 Rxa6 29. Rc1 Rxa4 30. Kf2 Bb2 31. Rc2 c3 32. Ke2 e5 33. Kd3 Kf7 34. Bf2 Ke6 35. Be1 e4+ 36. Ke3 Rc4 37. g4 f5 38. h3 h5 39. gxf5+ gxf5 40. Bg3 Rc8 41. Be1 Rd8 42. Ke2 Rd3 43. h4 f4 44. Bf2 f3+ 45. Kf1 e3 46. Be1 Kf5 47. Rh2 Ke4 48. Rh3 Rd1 49. Rg3 f2 50. Kg2 Rxe1 51. Kh2 e2 52. Rg5 Rh1+ 0-1


[Site "https://www.chess.com"]

[Event "Titled Tuesday Blitz March 28 Late 2023"]
[White "Vovk, Orest"]
[Black "Jorajuria Mendoza, Algol"]
[WhiteFideId "14113490"]
[BlackFideId "5128897"]
[WhiteElo "2215"]
[BlackElo "2076"]
[Result "1-0"]
[Round "08"]
[TimeControl "180+2"]
[Date "2023.03.28"]
[WhiteClock "0:00:52"]
[BlackClock "0:01:02"]

1. h4 d5 2. h5 h6 3. e4 dxe4 4. Nc3 Nf6 5. Qe2 Bf5 6. Qb5+ Bd7 7. Qxb7 Bc6 8. Bb5 Nbd7 9. Bxc6 Rb8 10. Qxa7 e6 11. Nxe4 Be7 12. Nxf6+ Bxf6 13. Bxd7+ Kxd7 14. Nf3 Ke7 15. Qc5+ Qd6 16. Qxd6+ cxd6 17. d4 Rhc8 18. c3 Ra8 19. a4 Rc4 20. a5 Kd7 21. Bd2 Bd8 22. b4 Kc6 23. Ke2 Kb5 24. Kd3 Rac8 25. Rh3 d5 26. Ne5 R4c7 27. Rf3 f6 28. Ng6 Rc6 29. a6 Rxa6 30. Rxa6 Kxa6 31. Nf8 e5 32. dxe5 fxe5 33. Rf7 e4+ 34. Ke2 Bf6 35. Nd7 1-0


[Site "https://www.chess.com"]

[Event "Titled Tuesday Blitz March 28 Late 2023"]
[White "Estrada Nieto, Julian"]
[Black "Torres Boch, Jose Francisco"]
[WhiteFideId "5101018"]
[BlackFideId "2278383"]
[WhiteElo "2176"]
[BlackElo "2073"]
[Result "1-0"]
[Round "08"]
[TimeControl "180+2"]
[Date "2023.03.28"]
[WhiteClock "0:01:41"]
[BlackClock "0:02:09"]

1. e4 c5 2. Nf3 d6 3. Bb5+ Nd7 4. d4 cxd4 5. Qxd4 a6 6. Bxd7+ Bxd7 7. Nc3 Rc8 8. O-O e5 9. Qd3 Nf6 10. Bg5 Qc7 11. Bxf6 gxf6 12. Rac1 Be6 13. Nd5 Bxd5 14. Qxd5 Qc6 15. Rfd1 Qxd5 16. Rxd5 Bh6 17. Rb1 Rxc2 18. Rxd6 Ke7 19. Rb6 Rhc8 20. Rxb7+ Kf8 21. g3 Re2 22. Nh4 Rcc2 23. Rb8+ Kg7 24. Nf5+ Kg6 25. Rg8+ Kh5 26. g4# 1-0


[Site "https://www.chess.com"]